 Dungeon Crawl Stone Soup version 0.31-a0-924-ge39a22a033 (webtiles) character file.

Game seed: 1935064227418827129

407654 Morbidden the Brawler (level 22, -12/163 (185) HPs)
             Began as a Grey Draconian Shapeshifter on Oct 18, 2023.
             Was the Champion of Cheibriados.
             Killed from afar by an eidolon (47 damage)
             ... with a bolt of negative energy
             ... on level 3 of the Crypt.
             The game lasted 01:38:53 (54538 turns).

Morbidden the Brawler (DrSh)                       Turns: 54538, Time: 01:38:53

HP:   -12/163 (185) AC: 26    Str: 39    XL:     22   Next: 40%
MP:   34/38         EV: 31    Int: 39    God:    Cheibriados [******]
Gold: 1422          SH: 20    Dex: 30    Spells: 19/46 levels left

rFire   + + +        b - +3 Elemental Staff {ele, rElec rF+ rC+ AC+3}
rCold   + . .        G - +5 kite shield {reflect}
rNeg    . . .        (body armour unavailable)
rPois   +            Y - +2 hat {Int+3}
rElec   +            K - +2 cloak
rCorr   .            O - +0 pair of gloves of Hairiness {Fly rPois Regen+}
SInv    .            v - +0 pair of boots
Will    +....        C - amulet of regeneration
Stlth   ++++         t - ring of Symmetry {rF+ EV+5 Slay+6}
HPRegen 2.07/turn    k - ring of Knowledge {rF+ Str+6 Int+2 Dex+3}
MPRegen 0.26/turn

%: reflection
@: maw-form, flayed, flying, studying 4 skills, heavily drained, very slow
A: devouring maw, AC +16, amphibious, unfitting armour, cold-blooded
}: 2/15 runes: serpentine, barnacled
a: Begin Untransformation, Renounce Religion, Bend Time, Temporal Distortion,
Slouch, Step From Time


You were on level 3 of the Crypt.
You worshipped Cheibriados.
Cheibriados was exalted by your worship.
You were a creature with a mouth for a stomach.
You visited 9 branches of the dungeon, and saw 41 of its levels.
You visited the Abyss 2 times.
You also visited: Sewer, Gauntlet, Ice Cave and Volcano.

You collected 7189 gold pieces.
You spent 5767 gold pieces at shops.

Inventory:

Hand Weapons
 b - the +3 Elemental Staff (weapon) {ele, rElec rF+ rC+ AC+3}
   (You acquired it on level 3 of the Elven Halls)

   AC+3:      It affects your AC (+3).
   rF+:       It protects you from fire.
   rC+:       It protects you from cold.
   rElec:     It insulates you from electricity.
Missiles
 u - 66 boomerangs (quivered)
 F - 12 silver javelins
 N - 6 curare-tipped darts
 X - 11 javelins
Armour
 v - a +0 pair of boots (worn)
 G - a +5 kite shield of reflection (worn)
 K - a +2 cloak (worn)
 L - a +1 tower shield of cold resistance
 O - the +0 pair of gloves of Hairiness (worn) {Fly rPois Regen+}
   (You found it in a Gauntlet)

   rPois:     It protects you from poison Fly: It grants you flight.
   Regen+:    It increases your rate of health regeneration.
 R - the +3 pair of gloves of Makhleb's Anger {rElec rC++ Will+ rCorr}
   (You found it on level 3 of the Vaults)

   rC++:      It greatly protects you from cold.
   rElec:     It insulates you from electricity.
   Will+:     It increases your willpower.
   rCorr:     It protects you from acid and corrosion.
 Y - a +2 hat of intelligence (worn)
Jewellery
 k - the ring of Knowledge (right hand) {rF+ Str+6 Int+2 Dex+3}
   (You bought it in a shop on level 2 of the Orcish Mines)

   [ring of strength]

   Str+6:     It affects your strength (+6).
   Int+2:     It affects your intelligence (+2).
   Dex+3:     It affects your dexterity (+3).
   rF+:       It protects you from fire.
 m - the ring of Crawling {rC+ rN++ Str-3 Dex+6}
   (You found it in a Gauntlet)

   [ring of protection from cold]

   Str-3:     It affects your strength (-3).
   Dex+6:     It affects your dexterity (+6).
   rC+:       It protects you from cold.
   rN++:      It greatly protects you from negative energy.
 t - the ring of Symmetry (left hand) {rF+ EV+5 Slay+6}
   (You bought it in a shop on level 1 of the Vaults)

   [ring of evasion]

   EV+5:      It affects your evasion (+5).
   Slay+6:    It affects your accuracy & damage with ranged weapons and melee
   (+6).
   rF+:       It protects you from fire.
 y - a ring of resist corrosion
 C - an amulet of regeneration (around neck)
 I - a +4 ring of protection
 W - a ring of see invisible
Talismans
 c - a dragon-blood talisman
 E - a maw talisman (active)
Wands
 r - a wand of mindburst (26)
 x - a wand of digging (13)
 H - a wand of roots (46)
 J - a wand of light (24)
 M - a wand of paralysis (32)
 S - a wand of flame (35)
Scrolls
 g - 11 scrolls of teleportation
 l - 3 scrolls of enchant armour
 q - 16 scrolls of identify
 w - 3 scrolls of revelation
 z - 5 scrolls of poison
 A - 5 scrolls of fear
 B - 5 scrolls of enchant weapon
 D - 2 scrolls of immolation
 U - a scroll of butterflies
 V - a scroll of blinking
 Z - 5 scrolls of silence
Potions
 a - 3 potions of berserk rage
 d - 3 potions of might
 e - 5 potions of enlightenment
 i - 2 potions of resistance
 j - 3 potions of magic
 n - 8 potions of heal wounds
 o - 11 potions of curing
 p - 12 potions of mutation
 s - 8 potions of haste {unknown}
 P - 2 potions of ambrosia
 Q - 2 potions of invisibility
 T - 2 potions of cancellation {unknown}
Miscellaneous
 f - a tin of tremorstones (2/2)
 h - a phantom mirror


   Skills:
 * Level 13.3 Fighting
 + Level 0.7 Short Blades
 + Level 1.1 Staves
 + Level 1.1 Throwing
 * Level 13.0 Dodging
 + Level 5.2 Stealth
 + Level 10.3 Shields
 * Level 20.8 Unarmed Combat
 * Level 12.7 Spellcasting
 * Level 11.3 Conjurations
 + Level 2.7 Hexes
 * Level 6.1 Translocations
 + Level 2.1 Transmutations
 * Level 10.9 Fire Magic
 + Level 4.2 Air Magic
 * Level 13.5 Earth Magic
 + Level 13.0 Invocations
 * Level 9.0 Evocations
 * Level 13.6 Shapeshifting


You had 19 spell levels left.
You knew the following spells:

 Your Spells              Type           Power      Damage    Failure   Level
a - Bombard               Conj/Erth      55%        9d9       1%          6
b - Airstrike             Air            36%        2d(6-22)  3%          4
c - Petrify               Tmut/Erth      92%        N/A       1%          4
d - Sticky Flame          Conj/Fire      100%       2d11      1%          4
x - Arcjolt               Conj/Air       45%        1d55      2%          5
z - Iskenderun's Mystic   Conj/Tloc      75%        2d15      1%          4

Your spell library contained the following spells:

 Spells                   Type           Power      Damage    Failure   Level
 Apportation              Tloc           100%       N/A       1%          1
 Foxfire                  Conj/Fire      100%       2x1d9     1%          1
 Magic Dart               Conj           100%       1d8       1%          1
 Necrotise                Necr           96%        1d8       1%          1
 Sting                    Tmut/Pois      100%       1d8       1%          1
 Summon Small Mammal      Summ           96%        N/A       1%          1
 Cigotuvi's Dreadful Rot  Necr/Pois/Air  100%       N/A       1%          2
 Ensorcelled Hibernation  Hex/Ice        100%       N/A       1%          2
 Jinxbite                 Hex            92%        N/A       1%          2
 Lesser Beckoning         Tloc           100%       N/A       1%          2
 Passwall                 Tmut/Erth      76%        N/A       1%          2
 Poisonous Vapours        Pois/Air       100%       N/A       1%          2
 Static Discharge         Conj/Air       100%       2-7/arc   1%          2
 Wereblood                Tmut           41%        N/A       1%          2
 Hailstorm                Conj/Ice       80%        3d16      1%          3
 Ignite Poison            Fire/Tmut/Pois 73%        N/A       1%          3
 Mephitic Cloud           Conj/Pois/Air  78%        N/A       1%          3
 Sigil of Binding         Hex            46%        N/A       1%          3
 Stone Arrow              Conj/Erth      100%       3d13      1%          3
 Tukima's Dance           Hex            46%        N/A       1%          3
 Leda's Liquefaction      Hex/Erth       46%        N/A       1%          4
 Passage of Golubria      Tloc           65%        N/A       1%          4
 Fireball                 Conj/Fire      53%        3d21      1%          5
 Lee's Rapid Deconstruct  Erth           57%        3d26*     1%          5
 Call Imp                 Summ           48%        N/A       3%          2
 Sublimation of Blood     Necr           24%        N/A       3%          2
 Dimensional Bullseye     Hex/Tloc       28%        N/A       3%          4
 Borgnjor's Vile Clutch   Necr/Erth      43%        N/A       3%          5
 Irradiate                Conj/Tmut      33%        3d22      3%          5
 Call Canine Familiar     Summ           24%        N/A       6%          3
 Frozen Ramparts          Ice            74%        1d12      6%          3
 Vampiric Draining        Necr           24%        2d7       6%          3
 Cause Fear               Hex            23%        N/A       6%          4
 Freezing Cloud           Conj/Ice/Air   49%        6-21      7%          5
 Summon Lightning Spire   Summ/Air       58%        N/A       9%          4
 Anguish                  Hex/Necr       17%        N/A       12%         4
 Silence                  Hex/Air        33%        N/A       13%         5
 Conjure Ball Lightning   Conj/Air       45%        3x3d16    13%         6
 Olgreb's Toxic Radiance  Pois           24%        N/A       21%         4
 Summon Ice Beast         Ice/Summ       37%        N/A       21%         4
 Metabolic Englaciation   Hex/Ice        26%        N/A       32%         5
 Alistair's Intoxication  Tmut/Pois      22%        N/A       34%         5
 Agony                    Necr           24%        N/A       50%         5
 Lehudib's Crystal Spear  Conj/Erth      55%        10d13     63%         8
 Ignition                 Fire           52%        3d15      83%         8
 Eringya's Noxious Bog    Tmut/Pois      16%        4d6       89%         6
 Simulacrum               Ice/Necr       18%        N/A       97%         6
 Enfeeble                 Hex            23%        N/A       99%         7
 Haunt                    Necr/Summ      12%        N/A       100%        7
 Summon Hydra             Summ           12%        N/A       100%        7
 Death's Door             Necr           12%        N/A       100%        9
 Animate Armour           Summ/Erth      Unusable   N/A       N/A         4

Dungeon Overview and Level Annotations

Branches:
Dungeon (15/15)            Temple (1/1) D:6            Lair (5/5) D:9
 Shoals (4/4) Lair:2        Snake (4/4) Lair:3        Slime (0/5) Lair:5
    Orc (2/2) D:10            Elf (3/3) Orc:2        Vaults (4/5) D:14
  Crypt (3/3) Vaults:3       Tomb (0/3) Crypt:3      Depths (0/4) D:15
  Sewer (visited)           IceCv (visited)         Volcano (visited)
Gauntlet (visited)

Altars:
Ashenzari
Cheibriados
Dithmenos
Elyvilon
Fedhas
Gozag
Hepliaklqana
Kikubaaqudgha
Makhleb
Nemelex Xobeh
Okawaru
Qazlal
Ru
Sif Muna
Trog
Uskayaw
Vehumet
Wu Jian
Xom
Yredelemnul
Zin
The Shining One
Jiyva

Shops:
D:1 =   D:4 (?([:   D:5 *   D:8 *   D:10 [   D:14 (   Orc:1 **   Orc:2 [*([
Elf:1 *   Elf:2 ?![?   Elf:3 **   Shoals:2 (   Snake:1 **:   Vaults:1 (=

Annotations:
D:5 Edmund
Shoals:3 2 runed translucent doors, Opifex's ghost, adept HOSh
Snake:2 1 runed translucent door, Puohiom's ghost, adept KoEn
Elf:2 3 runed translucent doors
Vaults:3 TuffENuff's ghost, veteran FoFi


Innate Abilities, Weirdness & Mutations

You are a creature with a mouth for a stomach.
Your midsection houses a second, enormous mouth.
Your dull iron-grey scales are very hard. (AC +16)
You are amphibious.
You cannot fit into any form of body armour.
You are cold-blooded and may be slowed by cold attacks.


Message History

Unknown command.
Unknown command.
Activating: Slouch (0% risk of failure)
Press: ? - help, Dir - look around, f - activate You can feel time thicken for a moment.
The lost soul assumes the form of the deep elf death mage and becomes anchored to this world!
The flayed ghost cries, "Feel what I felt!"
Terrible wounds spread across more of your body!
The ghostly deep elf death mage beckons forth a restless soul!
Unknown command.
You bludgeon the flayed ghost!!
The lost soul sacrifices itself to reknit the flayed ghost!
The flayed ghost stares at you with tortured malice.
Terrible wounds spread across more of your body!
The ghostly deep elf death mage hits you but does no damage.
You feel drained.
Unknown command.
Unknown command.
You closely miss the flayed ghost.
The flayed ghost cries, "Suffer as I suffered!"
Terrible wounds spread across more of your body!
* * * LOW HITPOINT WARNING * * *
The ghostly deep elf death mage hits you but does no damage.
You feel drained.
Unknown command.
Unknown command.
You hit the flayed ghost. You crush the flayed ghost!!
You tail-slap the flayed ghost! You bite the flayed ghost!
The flayed ghost is almost destroyed.
The flayed ghost hits you!
* * * LOW HITPOINT WARNING * * *
The ghostly deep elf death mage hits you with a +0 rapier of draining!
* * * LOW HITPOINT WARNING * * *
You feel drained.
* * * LOW HITPOINT WARNING * * *
The eidolon stares piercingly at you.
The bolt of negative energy hits the ghostly deep elf death mage.
The ghostly deep elf death mage completely resists.
The bolt of negative energy hits you!!!
You feel drained.
You die...

# #. #.. #...
#....###########.#
#.....÷.WeW<.....#
#..(...÷.W.........
.........$)........
.................P.
...............P.P.
.................PP
...............PPPP
..........?....PPPP
###########....PP>


You could see an eidolon, a ghostly deep elf death mage and a flayed ghost.

Vanquished Creatures
  A dread lich (Vaults:3)
  Bai Suzhen (Crypt:1)
  Saint Roka (Vaults:1)
  Xtahua (Vaults:2)
  Vashnia (Snake:3)
  Nikola (Elf:1)
  An Ice Fiend (IceCv)
  Jorgrun (Elf:1)
  4 deep elf blademasters (Elf:3)
  3 deep elf master archers (Elf:3)
  A lich (Abyss:2)
  Frances (Shoals:1)
  3 sphinxes
  A kraken (Shoals:4)
  Agnes (Snake:3)
  The ghost of Tinttamiau the Brawler, an adept TrDe of Okawaru (Orc:1)
  Polyphemus (Shoals:3)
  Gastronok (D:11)
  An ancient champion (Crypt:1)
  Ilsuiw (Shoals:4)
  Donald (Shoals:1)
  7 nagarajas (Snake:4)
  3 revenants
  4 deep elf sorcerers (Elf:3)
  13 vault wardens
  4 deep elf elementalists (Elf:3)
  A frost giant (Vaults:2)
  2 orc warlords (Orc:2)
  22 ironbound preservers
  5 formless jellyfish
  11 ghouls
  A war gargoyle (Vaults:3)
  3 very ugly things
  A curse skull (Crypt:1)
  8 vampire knights
  6 ironbound thunderhulks
  2 deep elf demonologists (Elf:3)
  7 deep elf annihilators
  4 dire elephants
  A minotaur (Gauntlet)
  3 eidola
  6 deep elf death magi
  2 crystal guardians (Vaults:3)
  2 ettins
  A fire dragon (Volcano)
  10 merfolk impalers
  Josephine (Lair:5)
  4 deep elf high priests
  6 jiangshi
  A fire dragon (shapeshifter) (Vaults:1)
  An entropy weaver (Vaults:2)
  4 great orbs of eyes
  5 merfolk javelineers (Shoals:4)
  5 yaktaur captains
  An ice dragon (Shoals:3)
  6 hydras
  3 peacekeepers (Vaults:3)
  2 ogre magi
  A ghost crab (Gauntlet)
  A caustic shrike simulacrum (IceCv)
  3 death knights
  A catoblepas (Shoals:3)
  6 vault guards
  8 ironbound frosthearts
  A merfolk aquamancer (Shoals:4)
  A merfolk avatar (Shoals:4)
  A salamander tyrant (Snake:2)
  16 centaur warriors
  3 alligator snapping turtles
  A fenstrider witch skeleton (Crypt:2)
  16 anacondas
  16 dancing weapons
  An Orb Guardian skeleton (Crypt:3)
  3 boulder beetles
  10 death yaks
  5 satyrs
  7 two-headed ogres
  2 thrashing horrors (Abyss:2)
  22 naga warriors
  4 orc high priests
  3 tengu warriors
  12 naga sharpshooters
  3 vampire magi
  Nergalle (D:11)
  11 shock serpents
  3 sun demons (Shoals:2)
  Urug (D:11)
  A soul eater (Gauntlet)
  2 wretched stars (Abyss:2)
  18 deep elf knights
  7 skysharks
  A shadow wraith (Crypt:2)
  A sixfirhy (Abyss:2)
  40 deep trolls
  18 skeletal warriors
  A spark wasp zombie (Crypt:1)
  8 sea snakes
  9 arcanists
  3 salamander mystics
  2 flayed ghosts
  11 ironbound convokers
  4 glowing orange brains
  2 bog bodies (Crypt:1)
  4 naga ritualists
  9 harpies
  8 lindwurms
  An obsidian statue (IceCv)
  3 orc knights
  7 phantasmal warriors
  A mana viper (shapeshifter) (D:15)
  3 necromancers
  15 deep elf pyromancers
  11 mana vipers
  7 deep elf archers
  A wolf spider (D:15)
  21 deep elf zephyrmancers
  A broodmother zombie (Crypt:2)
  2 orc sorcerers
  30 ugly things
  18 fauns
  10 cyclopes
  A shining eye (shapeshifter) (Elf:3)
  13 manticores
  An apocalypse crab (Abyss:2)
  A frost giant skeleton (Crypt:1)
  9 merfolk sirens
  12 salamanders
  21 vault sentinels
  A guardian serpent (shapeshifter) (D:14)
  13 elephants
  9 water nymphs
  6 guardian serpents
  42 black mambas
  A torpor snail (Lair:4)
  26 naga magi
  9 centaur zombies
  An ice statue (Shoals:3)
  An alligator snapping turtle zombie (Crypt:2)
  18 cane toads
  A yellow draconian zombie (Crypt:2)
  A death yak zombie (Crypt:2)
  2 smoke demons (Abyss:2)
  4 komodo dragons
  4 centaur skeletons (D:14)
  2 kobold demonologists (D:9)
  An efreet (D:14)
  6 rime drakes
  14 freezing wraiths
  An alligator snapping turtle skeleton (Crypt:2)
  2 unseen horrors
  2 anaconda simulacra (IceCv)
  A white draconian skeleton (Crypt:1)
  29 yaktaurs
  18 merfolk
  6 trolls
  5 ice devils (IceCv)
  10 polar bears
  4 hornets (Lair:5)
  A harpy skeleton (Abyss:2)
  A raiju (Abyss:2)
  11 blink frogs
  A raiju (shapeshifter) (D:13)
  9 wind drakes
  Prince Ribbit (D:5)
  11 dream sheep
  A meliai zombie (D:11)
  11 snapping turtles
  13 spriggans (Lair:5)
  6 flying skulls (Crypt:1)
  11 water elementals
  An air elemental (Elf:1)
  A centaur simulacrum (D:14)
  21 slime creatures
  2 shadows (D:12)
  13 wraiths
  8 wyverns
  A dire elephant simulacrum (IceCv)
  6 small abominations
  3 vampires
  3 fire elementals
  7 basilisks
  12 fire bats (Volcano)
  72 yaks
  A redback (D:15)
  A basilisk (shapeshifter) (D:12)
  A neqoxec (Abyss:2)
  A steam dragon (Volcano)
  2 vampire mosquitoes (D:12)
  58 nagas
  A harpy simulacrum (IceCv)
  6 wargs
  4 minotaur simulacra (IceCv)
  A naga zombie (Crypt:2)
  A fire bat zombie (Crypt:3)
  4 acid dragons
  A large abomination (Abyss:2)
  17 water moccasins
  A demonspawn skeleton (Crypt:1)
  7 black bears
  A snapping turtle zombie (Crypt:2)
  43 orc warriors
  4 ice beasts
  A sky beast (D:8)
  An ettin simulacrum (IceCv)
  16 ogres
  29 wolves
  7 boggarts
  8 centaurs
  A rime drake zombie (Crypt:1)
  A phantom (D:5)
  A yaktaur zombie (Crypt:2)
  15 bullfrogs
  5 kobold brigands
  11 necrophages
  A wyvern zombie (Crypt:2)
  A scorpion (D:7)
  2 deep troll simulacra (IceCv)
  2 earth elementals
  11 wights
  A troll skeleton (Crypt:2)
  2 spriggan skeletons
  6 killer bees (D:9)
  3 howler monkeys (D:7)
  3 electric eels
  A lava snake (D:15)
  A quasit (Abyss:2)
  An iron imp (Abyss:2)
  4 jellies (Sewer)
  26 orc priests
  2 hounds
  A gnoll bouda (D:8)
  3 sleepcaps
  4 iguanas
  A boggart zombie (D:11)
  41 orc wizards
  A scorpion zombie (Crypt:1)
  A sky beast zombie (Crypt:2)
  A naga skeleton (Crypt:2)
  A deep dwarf skeleton (Crypt:1)
  2 howler monkey zombies (D:11)
  6 adders
  3 river rats (Sewer)
  4 shadow imps
  3 ufetubi
  A worm (D:5)
  2 dart slugs
  129 orcs
  10 ball pythons
  4 bats
  14 endoplasms
  8 giant cockroaches
  7 goblins
  11 hobgoblins
  4 quokkas
  8 frilled lizards
  A hobgoblin skeleton (Crypt:1)
  A jackal skeleton (Crypt:3)
  19 kobolds
  6 rats
  4 tentacles (Shoals:4)
1783 creatures vanquished.

Vanquished Creatures (collateral kills)
  A merfolk javelineer (Shoals:4)
  A naga sharpshooter (Snake:3)
2 creatures vanquished.

Vanquished Creatures (others)
  A merfolk aquamancer (Shoals:4)
  A deep elf pyromancer (Elf:1)
  A naga (Snake:4)
  An orc priest (Orc:2)
  An orc wizard (D:14)
  11 tentacles (Shoals:4)
16 creatures vanquished.

Grand Total: 1801 creatures vanquished

Notes
Turn   | Place    | Note
-------+----------+-------------------------------------------
     0 | D:1      | Morbidden the Draconian Shapeshifter began the quest for
                  | the Orb.
     0 | D:1      | Reached XP level 1. HP: 16/16 MP: 1/1
   109 | D:1      | Reached XP level 2. HP: 12/23 MP: 2/2
   394 | D:1      | Found Bilon's Jewellery Shop.
   807 | D:2      | Reached XP level 3. HP: 28/28 MP: 3/3
  1447 | D:3      | Reached XP level 4. HP: 36/36 MP: 4/4
  1496 | D:3      | Identified the +2 ring mail "Paonopnue" {rElec}
  1609 | D:3      | Reached skill level 4 in Unarmed Combat
  1724 | D:3      | Found a faded altar of an unknown god.
  2225 | D:4      | Found Vyuvaon's Antique Weapon Shoppe.
  2265 | D:4      | Reached skill level 1 in Spellcasting
  2265 | D:4      | Reached XP level 5. HP: 32/41 MP: 6/6
  2272 | D:4      | Found a glowing drain.
  2285 | Sewer    | Entered a sewer
  2774 | Sewer    | Reached XP level 6. HP: 36/48 MP: 8/8
  3067 | Sewer    | Found a viscous altar of Jiyva.
  3163 | D:4      | Found Neas's Antique Weapon Boutique.
  3261 | D:4      | Found an opulent altar of Gozag.
  3262 | D:4      | Found a radiant altar of Vehumet.
  3370 | D:4      | Found an ornate altar of the Wu Jian Council.
  3402 | D:4      | Identified the +8 hand axe of Kosirit {protect, Dex+4}
  3403 | D:4      | Found Vilegeq's Book Shoppe.
  3943 | D:4      | Found Mev Toud's Magic Scroll Emporium.
  4022 | D:4      | Found Liucithra's Armour Shoppe.
  4455 | D:5      | Entered Level 5 of the Dungeon
  4488 | D:5      | Found Wugh's Assorted Antiques.
  4503 | D:5      | Reached skill level 5 in Unarmed Combat
  4503 | D:5      | Your scales start taking on a dull iron-grey colour.
  4503 | D:5      | Reached XP level 7. HP: 56/56 MP: 9/9
  4520 | D:5      | Reached skill level 1 in Stealth
  4594 | D:5      | Noticed Prince Ribbit
  4939 | D:6      | Found a staircase to the Ecumenical Temple.
  4955 | Temple   | Entered the Ecumenical Temple
  4992 | Temple   | Became a worshipper of Cheibriados the Contemplative
  5565 | D:5      | Reached skill level 6 in Unarmed Combat
  5565 | D:5      | Reached skill level 1 in Invocations
  5609 | D:5      | Noticed Edmund
  5660 | D:6      | Reached XP level 8. HP: 23/63 MP: 11/11
  5956 | D:6      | Reached * piety under Cheibriados
  7053 | D:5      | Killed Prince Ribbit
  7054 | D:5      | Reached skill level 7 in Unarmed Combat
  7106 | D:5      | Found a runed translucent door.
  7420 | D:5      | Reached skill level 5 in Shapeshifting
  7599 | D:5      | Found a hazy altar of Hepliaklqana.
  8319 | D:5      | Reached skill level 5 in Dodging
  8319 | D:5      | Reached XP level 9. HP: 66/71 MP: 13/13
  8333 | D:5      | Reached ** piety under Cheibriados
  8698 | D:7      | Found a stormy altar of Qazlal.
  8983 | D:7      | Reached skill level 8 in Unarmed Combat
  9365 | D:7      | Found a bloodstained altar of Trog.
  9699 | D:7      | Learned a level 4 spell: Petrify
  9720 | D:8      | Found Fahus's General Store.
  9726 | D:8      | Reached *** piety under Cheibriados
  9800 | D:8      | Noticed a two-headed ogre
  9810 | D:8      | Killed a two-headed ogre
  9811 | D:8      | Reached skill level 1 in Earth Magic
 10121 | D:1      | Bought a +4 ring of protection for 360 gold pieces
 10314 | D:8      | Reached skill level 9 in Unarmed Combat
 10830 | D:9      | Reached XP level 10. HP: 64/80 MP: 15/15
 10843 | D:9      | Found a staircase to the Lair.
 10919 | D:9      | Reached **** piety under Cheibriados
 11177 | D:9      | Found a shadowy altar of Dithmenos.
 11190 | D:9      | Noticed a sixfirhy
 11425 | D:9      | Reached skill level 5 in Fighting
 11438 | D:9      | Reached skill level 10 in Unarmed Combat
 11744 | D:9      | Reached ***** piety under Cheibriados
 12032 | D:10     | Entered Level 10 of the Dungeon
 12313 | D:10     | Noticed a tengu warrior
 12325 | D:10     | Killed a tengu warrior
 12326 | D:10     | Reached XP level 11. HP: 30/88 MP: 18/18
 12697 | D:10     | Reached skill level 11 in Unarmed Combat
 12812 | D:10     | Reached skill level 5 in Spellcasting
 12822 | D:10     | Found a staircase to the Orcish Mines.
 12823 | D:10     | Found Weodd's Armour Emporium.
 12824 | D:10     | Identified the +3 trident "Rulucs" {pain, rCorr Str-4 Dex-5
                  | Stlth+}
 12824 | D:10     | Noticed an orc knight
 12837 | D:10     | Killed an orc knight
 13529 | Gauntlet | Identified the of Kyffeng
 13529 | Lair:1   | Entered Level 1 of the Lair of Beasts
 13536 | Lair:1   | Reached skill level 5 in Invocations
 13900 | Lair:1   | Learned a level 4 spell: Sticky Flame
 13911 | Lair:1   | Reached skill level 12 in Unarmed Combat
 14044 | Lair:1   | Identified the +0 scimitar of Fedhas's Indignation {drain,
                  | Fly Str+4 Int+3 Stlth-}
 14049 | Lair:1   | Identified a scroll of acquirement
 14050 | Lair:1   | Acquired a manual of Hexes
 14055 | Lair:1   | Learned a level 2 spell: Jinxbite
 14157 | Lair:1   | Reached XP level 12. HP: 96/96 MP: 18/20
 14406 | Lair:1   | Reached skill level 1 in Fire Magic
 14413 | Lair:1   | Reached ****** piety under Cheibriados
 14684 | Lair:2   | Noticed an eight-headed hydra
 14695 | Lair:2   | Killed an eight-headed hydra
 14696 | Lair:2   | Reached skill level 1 in Conjurations
 14848 | Lair:2   | Found a staircase to the Shoals.
 14877 | Lair:2   | Reached skill level 5 in Earth Magic
 15133 | Lair:2   | Reached skill level 1 in Transmutations
 15188 | Lair:2   | Noticed an eight-headed hydra
 15194 | Lair:2   | Killed an eight-headed hydra
 15250 | Lair:2   | Reached skill level 13 in Unarmed Combat
 15540 | Lair:3   | Reached skill level 1 in Hexes
 15611 | Lair:3   | Noticed an eight-headed hydra
 15619 | Lair:3   | Killed an eight-headed hydra
 15666 | Lair:3   | Reached XP level 13. HP: 82/105 MP: 22/22
 15679 | Lair:3   | Found a staircase to the Snake Pit.
 16742 | Lair:4   | Reached skill level 14 in Unarmed Combat
 16886 | Lair:4   | Learned a level 6 spell: Bombard
 17308 | Lair:5   | Entered Level 5 of the Lair of Beasts
 17323 | Lair:5   | Reached XP level 14. HP: 99/114 MP: 15/24
 17557 | Lair:5   | Noticed Josephine
 17572 | Lair:5   | Killed Josephine
 18164 | Lair:5   | Reached skill level 15 in Unarmed Combat
 18333 | Lair:5   | Found a viscous altar of Jiyva.
 18339 | Lair:5   | Found a staircase to the Slime Pits.
 18602 | D:11     | Noticed Urug
 18614 | D:11     | Killed Urug
 18707 | D:11     | Noticed Gastronok
 18734 | D:11     | Killed Gastronok
 18873 | D:11     | Noticed Nergalle
 18883 | D:11     | Killed Nergalle
 18893 | D:11     | Reached skill level 5 in Conjurations
 18984 | D:11     | Found a basalt altar of Yredelemnul.
 20052 | D:13     | Identified the ring of Dieqehebo {rF+ Str+3}
 20097 | D:13     | Found a gate leading to a gauntlet.
 20106 | D:13     | Identified the +1 buckler "Mimesyrr" {Will+ Str-5 Int+5
                  | Stlth+}
 20113 | Gauntlet | Entered a Gauntlet
 20113 | Gauntlet | Found a transporter.
 20113 | Gauntlet | Found a transporter.
 20113 | Gauntlet | Found a transporter.
 20133 | Gauntlet | Found a transporter.
 20145 | Gauntlet | Found a transporter.
 20147 | Gauntlet | Found a transporter.
 20157 | Gauntlet | Found a transporter.
 20178 | Gauntlet | Found a transporter.
 20183 | Gauntlet | Found a transporter.
 20203 | Gauntlet | Found a transporter.
 20203 | Gauntlet | Found a transporter.
 20245 | Gauntlet | Found a transporter.
 20370 | Gauntlet | Identified the ring of Crawling {rC+ rN++ Str-3 Dex+6}
 20390 | Gauntlet | Reached skill level 5 in Fire Magic
 20398 | Gauntlet | Reached XP level 15. HP: 123/123 MP: 23/26
 20406 | Gauntlet | Identified the +0 pair of gloves of Hairiness {Fly rPois
                  | Regen+}
 20518 | Gauntlet | Identified the +1 leather armour "Nafif" {Contam rElec
                  | rF+++ rN+}
 21653 | D:14     | Found Xacukk's Antique Weapon Emporium.
 21692 | D:14     | Reached skill level 16 in Unarmed Combat
 21697 | D:14     | Found a gate to the Vaults.
 21718 | D:14     | Identified the +1 ring mail of the Hunter {Str+5}
 21906 | D:14     | Found an ancient bone altar of Kikubaaqudgha.
 21993 | D:14     | Acquired 1098 gold pieces
 22180 | D:15     | Entered Level 15 of the Dungeon
 22190 | D:14     | Reached skill level 10 in Shapeshifting
 22865 | D:15     | Found a staircase to the Depths.
 23111 | Orc:1    | Entered Level 1 of the Orcish Mines
 23151 | Orc:1    | Found a dark tunnel.
 23164 | Volcano  | Entered a volcano
 23543 | Orc:1    | Found a runed translucent gate.
 23543 | Orc:1    | Found a runed translucent gate.
 23544 | Orc:1    | Found a runed translucent gate.
 23545 | Orc:1    | Found an opulent altar of Gozag.
 23775 | Orc:1    | Noticed Tinttamiau's ghost (adept TrDe)
 23777 | Orc:1    | Found Noug's Assorted Antiques.
 23777 | Orc:1    | Found Xofoaf's Assorted Antiques.
 23802 | Orc:1    | Killed Tinttamiau's ghost
 23833 | Orc:1    | Bought a scroll labelled LYBYENKUNK for 30 gold pieces
 23840 | Orc:1    | Bought a glowing amethyst potion for 25 gold pieces
 23840 | Orc:1    | Bought a runed cloak for 210 gold pieces
 23842 | Orc:1    | Bought a glowing amethyst potion for 27 gold pieces
 23848 | Orc:1    | Bought a glass ring for 150 gold pieces
 23848 | Orc:1    | Bought a moonstone ring for 150 gold pieces
 23853 | Orc:1    | Bought a scroll of teleportation for 90 gold pieces
 23880 | Orc:2    | Entered Level 2 of the Orcish Mines
 23914 | Orc:2    | Reached skill level 10 in Dodging
 24122 | Orc:2    | Found a staircase to the Elven Halls.
 24262 | Orc:1    | Reached XP level 16. HP: 130/132 MP: 28/28
 24567 | Orc:2    | Found Ystiaxif's Antique Weapon Shoppe.
 24569 | Orc:2    | Found Funost's Antique Armour Emporium.
 24658 | Orc:2    | Found Zoriwk's Armour Emporium.
 24727 | Orc:2    | Found Rufihic's Assorted Antiques.
 24748 | Orc:2    | Bought a smoking brass ring for 150 gold pieces
 24748 | Orc:2    | Identified the ring of Knowledge {rF+ Str+6 Int+2 Dex+3}
                  | (You bought it in a shop on level 2 of the Orcish Mines)
 24850 | Orc:2    | Bought a potion of heal wounds for 150 gold pieces
 24949 | Snake:1  | Entered Level 1 of the Snake Pit
 24974 | Snake:1  | Found Xireruc's Book Shop.
 24985 | Snake:1  | Found Ymyopiolank's General Store.
 24987 | Snake:1  | Found Xovextuig's General Store.
 25021 | Snake:1  | Reached skill level 17 in Unarmed Combat
 25651 | Snake:1  | Identified the +3 falchion of Vanity {antimagic, Str+5}
 25995 | Snake:2  | Identified the of Kusuq
 26271 | Snake:2  | Found a runed translucent door.
 26272 | Snake:2  | Found a shimmering altar of Xom.
 26272 | Snake:2  | Noticed Puohiom's ghost (adept KoEn)
 26722 | Snake:2  | Reached skill level 1 in Shields
 27420 | Snake:3  | Reached skill level 10 in Fighting
 27427 | Snake:3  | Reached XP level 17. HP: 127/140 MP: 19/30
 27671 | Snake:3  | Noticed Vashnia
 27688 | Snake:3  | Killed Vashnia
 27942 | Snake:3  | Noticed Agnes
 27953 | Snake:3  | Killed Agnes
 28267 | Snake:4  | Entered Level 4 of the Snake Pit
 28285 | Snake:4  | HP: 2/140 [shock serpent/bolt of electricity (12)]
 28911 | Snake:4  | Reached skill level 18 in Unarmed Combat
 29203 | Snake:4  | Reached skill level 10 in Earth Magic
 29782 | Abyss:2  | Found a corrupted altar of Lugonu.
 29782 | Abyss:2  | Cast into level 2 of the Abyss (naga ritualist)
 29884 | Abyss:2  | Found a corrupted altar of Lugonu.
 30025 | Snake:4  | Escaped the Abyss
 30104 | Snake:4  | Reached skill level 5 in Shields
 30104 | Snake:4  | Reached skill level 10 in Invocations
 30253 | Snake:4  | Got a serpentine rune of Zot
 30504 | Shoals:1 | Entered Level 1 of the Shoals
 30522 | Shoals:1 | Noticed Donald
 30530 | Shoals:1 | Killed Donald
 30549 | Shoals:1 | Reached XP level 18. HP: 135/149 MP: 31/31
 30648 | Shoals:1 | Noticed Frances
 30665 | Shoals:1 | Killed Frances
 31236 | Shoals:2 | Found Nehog's Weapon Shoppe.
 31619 | Shoals:2 | Identified the +5 halberd of Wuf Jilycico {flame, Dex+4}
 32027 | Shoals:3 | Found a frozen archway.
 32043 | Shoals:3 | Noticed Polyphemus
 32059 | IceCv    | Entered an ice cave
 32349 | IceCv    | Reached skill level 10 in Spellcasting
 32359 | IceCv    | Identified the +0 pair of gloves of the End {Dex+3}
 32467 | IceCv    | Noticed an Ice Fiend
 32646 | IceCv    | Killed an Ice Fiend
 32914 | Shoals:3 | Killed Polyphemus
 32933 | Shoals:3 | Found a large runed translucent door.
 32933 | Shoals:3 | Found a large runed translucent door.
 32939 | Shoals:3 | Noticed Opifex's ghost (adept HOSh)
 33597 | Shoals:4 | Identified the "Rihik"
 33597 | Shoals:4 | Entered Level 4 of the Shoals
 33629 | Shoals:4 | Reached skill level 5 in Stealth
 33629 | Shoals:4 | Reached skill level 19 in Unarmed Combat
 33944 | Shoals:4 | Reached skill level 1 in Throwing
 35028 | Shoals:4 | Reached XP level 19. HP: 141/158 MP: 10/33
 35490 | Shoals:4 | Noticed Ilsuiw
 35507 | Shoals:4 | Killed Ilsuiw
 35672 | Shoals:4 | Identified the +7 whip of Laceration {distort, +Blink}
 35676 | Shoals:4 | Found Vamitixo's Vocational Training.
 35688 | Shoals:4 | Bought a manual of Evocations for 1120 gold pieces
 35688 | Shoals:4 | Bought a manual of Invocations for 1120 gold pieces
 35760 | Shoals:4 | Got a barnacled rune of Zot
 36212 | Vaults:3 | Identified the of Tab Huod
 36212 | Vaults:5 | Identified the "Becuinel"
 36212 | Vaults:5 | Identified the of Arayppang
 36212 | Vaults:5 | Identified the "Sojitu"
 36212 | Crypt:3  | Identified the "Ykex"
 36212 | Elf:1    | Entered Level 1 of the Elven Halls
 36212 | Elf:1    | Noticed Jorgrun
 36216 | Elf:1    | Killed Jorgrun
 36220 | Elf:1    | Reached skill level 1 in Evocations
 36330 | Elf:1    | Paralysed by an air elemental for 1 turns
 36351 | Elf:1    | Noticed Nikola
 36380 | Elf:1    | Killed Nikola
 36810 | Elf:1    | Found Teoclott's General Store.
 36815 | Elf:1    | Bought a scroll of teleportation for 39 gold pieces
 36815 | Elf:1    | Bought 3 scrolls of teleportation for 117 gold pieces
 36821 | Elf:1    | Learned a level 5 spell: Arcjolt
 37065 | Elf:1    | Learned a level 4 spell: Iskenderun's Mystic Blast
 37165 | Elf:2    | Found a runed translucent gate.
 37165 | Elf:2    | Found a runed translucent gate.
 37165 | Elf:2    | Found a runed translucent gate.
 37459 | Elf:2    | Found Kiupax's Distillery.
 37482 | Elf:2    | Found Qoonai's Magic Scroll Shoppe.
 37577 | Elf:2    | Found Siumid's Armour Boutique.
 37666 | Elf:2    | Found Egy Luc Gesy's Magic Scroll Emporium.
 37819 | Elf:3    | Identified the "Texey"
 37819 | Elf:3    | Entered Level 3 of the Elven Halls
 37871 | Elf:3    | Reached skill level 1 in Translocations
 38120 | Elf:3    | Found Suskiuqa's General Store.
 38120 | Elf:3    | Found Fexzoytu's General Store.
 38141 | Elf:3    | Bought a scroll of acquirement for 676 gold pieces
 38141 | Elf:3    | Acquired the +3 Elemental Staff {ele, rElec rF+ rC+ AC+3}
 38141 | Elf:3    | Found the +3 Elemental Staff {ele, rElec rF+ rC+ AC+3}
 38942 | Elf:3    | Reached skill level 1 in Air Magic
 39499 | Abyss:2  | Found a corrupted altar of Lugonu.
 39499 | Abyss:2  | Cast into level 2 of the Abyss (a deep elf sorcerer)
 39995 | Elf:3    | Escaped the Abyss
 40013 | Elf:3    | Identified the ring "Sata Lur" {*Slow +Blink Will+ Int+6}
 40121 | Elf:3    | Reached XP level 20. HP: 91/167 MP: 19/34
 40186 | Elf:3    | Identified the ring "Radeth" {*Corrode rC+ Int+4}
 40190 | Elf:3    | Identified the +13 plate armour of the Camelopard {Int+2}
 40671 | Elf:3    | Identified the staff of Ambiguity {rPois rF+ Str-4 Earth}
 40678 | Elf:3    | Identified the +3 scale mail "Imoss" {rElec rN++ Will+
                  | Dex-3}
 41145 | Vaults:1 | Entered Level 1 of the Vaults
 41323 | Vaults:1 | Noticed Saint Roka
 41329 | Vaults:1 | Killed Saint Roka
 41361 | Vaults:1 | Reached skill level 10 in Conjurations
 41754 | Vaults:1 | Reached skill level 5 in Evocations
 42360 | Vaults:1 | Found Qykumamu's Antique Weapon Shop.
 43257 | Vaults:1 | Found Urphup's Jewellery Shoppe.
 43263 | Vaults:1 | Bought the ring of Symmetry {rF+ EV+5 Slay+6} for 1353 gold
                  | pieces
 43846 | Vaults:2 | Reached skill level 20 in Unarmed Combat
 44865 | Vaults:2 | Learned a level 4 spell: Airstrike
 45730 | Vaults:2 | Reached skill level 10 in Fire Magic
 45903 | Vaults:2 | Reached XP level 21. HP: 176/176 MP: 14/36
 46240 | Vaults:2 | Noticed Xtahua
 46252 | Vaults:2 | Killed Xtahua
 46374 | Vaults:2 | Identified the +6 kite shield of Fun and Games {rPois
                  | Slay+3}
 47501 | Vaults:3 | Paralysed by an arcanist for 2 turns
 47639 | Vaults:3 | Found a staircase to the Crypt.
 47804 | Vaults:3 | Noticed a dread lich
 47805 | Vaults:3 | Found a runed translucent gate.
 47805 | Vaults:3 | Found a runed translucent gate.
 47805 | Vaults:3 | Found a runed translucent gate.
 47805 | Vaults:3 | Found an ancient bone altar of Kikubaaqudgha.
 47805 | Vaults:3 | Noticed an ancient lich
 47805 | Vaults:3 | Noticed TuffENuff's ghost (veteran FoFi)
 47806 | Vaults:3 | Noticed a dread lich
 49323 | Vaults:3 | Identified the ring "Famoman" {rN+ rCorr Dex+6}
 49326 | Vaults:3 | Identified the +3 pair of gloves of Makhleb's Anger {rElec
                  | rC++ Will+ rCorr}
 49703 | Vaults:4 | Paralysed by a sphinx for 5 turns
 49724 | Vaults:4 | Reached skill level 5 in Translocations
 50728 | Vaults:4 | Paralysed by a formless jellyfish for 1 turns
 51171 | Vaults:3 | Paralysed by a dread lich for 2 turns
 51175 | Vaults:3 | Killed a dread lich
 51180 | Crypt:1  | Entered Level 1 of the Crypt
 51362 | Crypt:1  | Noticed Bai Suzhen
 51608 | Crypt:1  | Reached skill level 1 in Staves
 51700 | Crypt:1  | Killed Bai Suzhen
 51701 | Crypt:1  | Reached XP level 22. HP: 185/185 MP: 9/38
 52004 | Crypt:1  | Paralysed by something for 2 turns
 52219 | Crypt:1  | Reached skill level 10 in Shields
 52951 | Crypt:2  | Found a basalt altar of Yredelemnul.
 54020 | Crypt:3  | Entered Level 3 of the Crypt
 54022 | Crypt:3  | Found a staircase to the Tomb.
 54538 | Crypt:3  | Killed from afar by an eidolon

Illustrated notes

Levels and vault maps discovered:
D:1:      amcnicky_arrival_choice, layout_basic, serial_shops, shop
D:2:      layout_loops_ring, guppyfry_early_lair_pool
D:3:      layout_basic, dreamdust_ecumenical_altar_angels_and_demons,
          minmay_surrounded
D:4:      layout_basic, mainiacjoe_overflow_boulevard,
          mainiacjoe_overflow_divided_tiny, cheibrodos_sewer_entry_drain,
          serial_shops, nicolae_shop_real_fake_doors,
          nicolae_shop_advertising_works [nicolae_subvault_shop_adworks],
          nicolae_shop_peninsula, shop, nicolae_shop_statue_plus
D:5:      layout_cave_pools, general_overflow_altar, serial_shops,
          nicolae_shop_tiny_statue_garden, mrwooster_statue_mirror,
          kennysheep_small_spiral, lightli_church_of_beogh, uniq_prince_ribbit1,
          uniq_edmund
D:6:      layout_basic, minmay_temple_entry_glass, minmay_misc_feat_enclosed
D:7:      layout_basic, trog_hazing_becter, nicolae_qazlal_general_emergency,
          kennysheep_cross_bottleneck
D:8:      layout_cave_pools, roderic_serpentine_path,
          dreamdust_mushroom_princess, nicolae_stop_n_shop_2, minmay_manual_mail
D:9:      layout_long_grid, old_standard_altar, david_lair_generic
D:10:     minmay_recursive_quarters, layout_basic, orc_david_3,
          nicolae_hexahallways, nicolae_titane
D:11:     layout_basic, nicolae_yredelemnul_corpse_copse, uniq_gastronok,
          uniq_nergalle, uniq_urug
D:12:     layout_roguey, serial_curves, eino_curves_03, eino_curves_02,
          minivault_14, nicolae_elevator_lobby_plus
D:13:     layout_loops_ring, gauntlet_entry_generic, minivault_19,
          minmay_variable_closet, minmay_misc_feat_tiny, minivault_10,
          ebering_dispersal_statue_hall
D:14:     layout_cave_pools, hangedman_vaults_entry_quadrant_bands,
          serial_shops, shop, kiku_gazebo_garden_becter
D:15:     hangedman_depths_entry_try_elsewhere_first, layout_cave_pools,
          grunt_decor_junction, minivault_20
Temple:   bh_familiar_temple
Lair:1:   layout_roguey, cheibrodos_lair_lostbears
Lair:2:   layout_hall_layers, elwin_shoals_entry_stream,
          infiniplex_staircase_pool_2
Lair:3:   nzn_winding_woodlands_small [nzn_winding_woodlands_5x15_cabin,
          nzn_winding_woodlands_center_lodge,
          nzn_winding_woodlands_5x15_jagged], layout_concentric_octagons,
          minmay_snake_entry_six_corridors, beast_lair_carwin_7
Lair:4:   layout_misc_corridors, roderic_carrion_pond
Lair:5:   minmay_lair_end_enchanted_forest, layout_long_grid,
          dpeg_slime_entry_corner, serial_bayou, serial_bayou_pond_c,
          serial_bayou_pond_d, serial_bayou_pond_e, serial_bayou_ford_a,
          serial_bayou_pond_d, serial_bayou_pond_c, grunt_megastairs_5,
          serial_bayou_shore_a, uniq_josephine
Shoals:1: layout_shoals, nicolae_shoals_the_drawing_of_the_three, uniq_donald,
          uniq_frances
Shoals:2: layout_shoals, serial_shops, nicolae_square_shop,
          nicolae_shoals_sun_and_surf
Shoals:3: nicolae_shoals_island_circles, layout_shoals,
          portal_ice_cave_entry_ice_statue_two, ebering_ghost_disaster_area,
          uniq_polyphemus
Shoals:4: shoals_end_grunt_garden, layout_shoals, shoal_ilsuiw,
          nicolae_shop_vocational
Snake:1:  layout_layer_cave, grunt_megastairs_4, minmay_shop_star
Snake:2:  kennysheep_snake, layout_rooms, ebering_ghost_xom,
          serial_bayou_shore_b
Snake:3:  layout_grid_shapes, uniq_vashnia, uniq_agnes
Snake:4:  grunt_snake_rune_serpentine_throne, layout_basic,
          nicolae_snake_yet_another_twisty_hallway, nicolae_snake_double_loop,
          hangedman_snake_corridor_cut
Orc:1:    layout_caves, nicolae_volcano_entry_hallway, ebering_ghost_gozag,
          nicolae_orc_lost_temple
Orc:2:    grunt_orc_community_town_hall, layout_caves,
          grunt_orc_community_big_house_1, grunt_orc_community_big_house_1,
          grunt_orc_community_house_3, grunt_orc_community_house_2,
          grunt_orc_community_house_3, grunt_orc_community_house_2
Elf:1:    nicolae_elf_arrival_fired_up, layout_rooms, serial_shops, shop,
          hangedman_elf_represent, st_stairs_12, uniq_nikola, uniq_jorgrun
Elf:2:    elven_hall_of_blades_hangedman_original [nicolae_blade_lattice],
          layout_gridlike, serial_shops, nicolae_shop_window_shopping,
          nicolae_take_the_stairs, shop, shop
Elf:3:    minmay_elf_hall_furrowed, layout_loops_corners, minmay_shoptagon
Vaults:1: v_rooms_5, v_misc_10, nicolae_vaults_alarming, vaults_dpeg_diagonal,
          hangedman_vaults_hat, nicolae_vaults_corridor_and_loot_room,
          v_rooms_6, v_pattern_1, v_misc_14, layout_vaults_ring, serial_shops,
          nicolae_shop_rolling_square, nicolae_shop_peninsula, uniq_saint_roka
Vaults:2: ontoclasm_vaults_ring_square, nicolae_vaults_sesquioval_fish,
          v_misc_26, nicolae_vaults_tetromino_T_1, nicolae_vaults_tetromino_L_2,
          nicolae_vaults_closet_pinwheel_5,
          nicolae_vaults_thirteen_compartments,
          nicolae_vaults_trapezoid_lopsided_2,
          nicolae_vaults_storage_room_statues, v_misc_1, layout_vaults_omnibox,
          uniq_xtahua
Vaults:3: gammafunk_ghost_crypt, nicolae_vaults_house_2,
          nicolae_vaults_tetromino_L_2, dpeg_vaults_monster_box,
          ontoclasm_vaults_loading_screen, vaults_mumra_minichess_inversion,
          minmay_crypt_entry_simple_corners, nicolae_vaults_sesquioval_fish,
          serial_ice_m, nicolae_vaults_diagonal_hallway_8,
          nicolae_vaults_trapezoid_2, layout_vaults_omnigrid
Vaults:4: vaults_room_door_hall, ontoclasm_vaults_bender,
          nicolae_vaults_diamond_1, nicolae_vaults_closet_pinwheel_5,
          nicolae_vaults_sightless_eye, hangedman_vaults_stitches,
          ontoclasm_vaults_tryst, nicolae_vaults_mitosis,
          nicolae_vaults_shelves_hall, nicolae_vaults_border_crossing,
          layout_vaults_omnicross
Crypt:1:  layout_basic, minivault_11, uniq_bai_suzhen
Crypt:2:  dreamdust_cat_pyramid, layout_chaotic_city,
          nicolae_crypt_cryptocurrency, weyrava_vampire_temple
Crypt:3:  due_elkab, layout_chaotic_city, tomb_entry_forgotten_bobbens

Skill      XL: |  1  2  3  4  5  6  7  8  9 10 11 12 13 14 15 16 17 18 19 20 21 22 |
---------------+-------------------------------------------------------------------+-----
Dodging        | 2 3 4 5 6 7 8 9 10 11 12 13 | 13.0
Fighting       | 2 3 4 5 6 7 8 9 10 11 12 13 | 13.3
Unarmed Combat | 4 5 6 7 9 10 12 13 14 15 16 17 18 19 20 | 20.8
Spellcasting   | 1 2 3 4 5 6 7 8 9 10 11 12 | 12.7
Shapeshifting  | 4 5 6 7 8 9 10 11 12 13 | 13.6
Stealth        | 1 2 3 4 5 |  5.2
Invocations    | 1 2 4 5 6 7 8 9 10 11 12 13 | 13.0
Earth Magic    | 1 3 4 5 6 7 8 9 10 11 12 13 | 13.5
Fire Magic     | 2 3 5 6 7 8 9 10 | 10.9
Conjurations   | 2 4 5 6 7 8 9 10 11 | 11.3
Transmutations | 1 2 |  2.1
Hexes          | 1 2 |  2.7
Shields        | 2 5 7 8 9 10 | 10.3
Throwing       | 1 |  1.1
Evocations     | 4 6 8 9 |  9.0
Translocations | 2 4 5 6 |  6.1
Air Magic      | 1 3 4 |  4.2
Staves         | 1 |  1.1
Short Blades   | |  0.7

Action                     |  1- 3 |  4- 6 |  7- 9 | 10-12 | 13-15 | 16-18 | 19-21 | 22-24 || total
---------------------------+-------+-------+-------+-------+-------+-------+-------+-------++-------
  Melee: Unarmed           |   118 |   188 |   301 |   665 |  1355 |  1169 |   673 |   187 ||  4656
         Tailslap          |     9 |    23 |    43 |   150 |   317 |   268 |   180 |    41 ||  1031
         Punch             |       |     7 |    11 |       |    48 |    35 |       |    24 ||   125
         Dagger            |       |       |    18 |       |       |       |       |       ||    18
         Maw               |       |       |       |       |   151 |   454 |   307 |    33 ||   945
         Staff             |       |       |       |       |       |       |    73 |     6 ||    79
         Bite              |       |       |       |       |       |       |       |    19 ||    19
  Throw: Boomerang         |       |       |       |       |    11 |    42 |     5 |       ||    58
   Cast: Jinxbite          |       |       |       |     8 |     5 |     1 |       |       ||    14
         Petrify           |       |       |       |     5 |     9 |    16 |       |       ||    30
         Sticky Flame      |       |       |       |       |     6 |     4 |       |       ||    10
         Bombard           |       |       |       |       |       |    56 |   277 |    14 ||   347
         Iskenderun's Myst |       |       |       |       |       |       |    12 |       ||    12
         Arcjolt           |       |       |       |       |       |       |    62 |       ||    62
         Airstrike         |       |       |       |       |       |       |    37 |       ||    37
 Invoke: Slouch            |       |       |       |     2 |     9 |    17 |     6 |     1 ||    35
         Step From Time    |       |       |       |       |     2 |       |       |       ||     2
  Evoke: Wand              |       |       |       |       |     1 |    11 |     4 |       ||    16
         Phantom mirror    |       |       |       |       |       |     1 |     1 |       ||     2
    Use: Scroll            |       |     6 |     2 |     7 |    16 |    17 |    15 |       ||    63
         Potion            |       |       |     3 |     1 |       |     2 |     4 |       ||    10
   Stab: Sleeping          |     4 |       |     1 |       |     6 |    30 |     5 |     2 ||    48
         Distracted        |       |       |     1 |       |     1 |     4 |       |     1 ||     7
         Petrified         |       |       |       |     1 |    12 |     7 |       |       ||    20
         Petrifying        |       |       |       |       |       |     7 |       |       ||     7
 Armour: Skin              |    51 |   107 |   263 |   496 |   919 |   764 |   388 |   113 ||  3101
  Dodge: Dodged            |    68 |   138 |   238 |   697 |  1363 |  1142 |   578 |   162 ||  4386
  Block: Kite shield       |       |       |       |       |       |   878 |   812 |    60 ||  1750
         Reflection        |       |       |       |       |       |    65 |   105 |     2 ||   172
   Form: Flux              |       |       |     1 |     2 |       |       |       |       ||     3
                           |       |       |     1 |       |       |       |       |       ||     1
         Beast             |       |       |       |     2 |       |       |       |       ||     2
         Anaconda          |       |       |       |     1 |       |       |       |       ||     1
         Maw               |       |       |       |       |     1 |       |       |     1 ||     2
         Dragon            |       |       |       |       |       |       |       |     1 ||     1

Table legend: (Time is in decaauts)
 A = Elapsed time spent in this place.
 B = Non-inter-level travel time spent in this place.
 C = Inter-level travel time spent in this place.
 D = Time resting spent in this place.
 E = Time spent auto-exploring this place.
 F = Levels seen in this place.
 G = Mean time per level.
                   A        B        C        D        E       F      G
               +--------+--------+--------+--------+--------+-----+--------+
         Total |  77200 |  73182 |   4018 |   6301 |  54401 |  48 | 1608.3 |
       Dungeon |  22363 |  20671 |   1692 |   2949 |  14609 |  15 | 1490.9 |
        Temple |     85 |      5 |     80 |      0 |      0 |   1 |   85.0 |
          Lair |   7856 |   7267 |    589 |     77 |   5655 |   5 | 1571.2 |
        Shoals |   7200 |   6955 |    245 |      5 |   5642 |   4 | 1800.0 |
     Snake Pit |   8623 |   8236 |    387 |    402 |   6273 |   4 | 2155.8 |
  Orcish Mines |   2672 |   2395 |    277 |    107 |   1705 |   2 | 1336.0 |
   Elven Halls |   6104 |   5912 |    192 |    496 |   4391 |   3 | 2034.7 |
        Vaults |  13793 |  13288 |    505 |    370 |  11657 |   4 | 3448.2 |
         Crypt |   4502 |   4454 |     48 |    854 |   2968 |   3 | 1500.7 |
         Abyss |    980 |    980 |      0 |    104 |    575 |   3 |  326.7 |
         Sewer |    898 |    898 |      0 |    453 |    265 |   1 |  898.0 |
      Ice Cave |   1045 |   1045 |      0 |    484 |    113 |   1 | 1045.0 |
       Volcano |    315 |    315 |      0 |      0 |    191 |   1 |  315.0 |
      Gauntlet |    757 |    757 |      0 |      0 |    355 |   1 |  757.0 |
               +--------+--------+--------+--------+--------+-----+--------+

Top non-repeatable levels by time:
Vaults:2: 3975 daAuts
Vaults:3: 3711 daAuts
   Elf:3: 3680 daAuts
Vaults:1: 3517 daAuts
Shoals:4: 3045 daAuts
 Snake:4: 2864 daAuts
Vaults:4: 2588 daAuts
     D:6: 2565 daAuts
 Crypt:1: 2330 daAuts
    D:10: 2235 daAuts
 Crypt:2: 2107 daAuts
     D:5: 2098 daAuts
 Snake:2: 2012 daAuts
 Snake:1: 1962 daAuts
     D:7: 1883 daAuts
